 Dungeon Crawl Stone Soup version 0.15.0-14-g6bbbb5c (console) character file.

91 gw the Insei (level 4, -3/35 HPs)
             Began as a Demonspawn Monk on Sept 3, 2014.
             Succumbed to kobold's curare-tipped needle
             ... on Level 3 of the Dungeon.
             The game lasted 00:00:44 (1539 turns).

gw the Insei (Demonspawn Monk)                      Turns: 1539, Time: 00:00:44

HP  -3/35        AC  9     Str 11      XL: 4   Next: 33%
MP   2/4         EV  4     Int 11      God:
Gold 0           SH  0     Dex 17      Spells:  0 memorised,  3 levels left

rFire  . . .     SeeInvis .       - Unarmed
rCold  . . .     Clarity  .     h - +1 chain mail
rNeg   + + .     rCorr    .     (no shield)
rPois  .         rRot     .     (no helmet)
rElec  .         Spirit   +     (no cloak)
SustAb .         Warding  .     (no gloves)
rMut   .         Stasis   .     (no boots)
Gourm  .                        (no amulet)
MR     .....                    j - ring of positive energy
                                p - ring of positive energy

@: lethally poisoned, short of breath, slowed, very slow, not resistant to
hostile enchantments, extremely unstealthy
A: claws 1, magic shield
a: no special abilities


You were on level 3 of the Dungeon.
You were not hungry.

You visited 1 branch of the dungeon, and saw 3 of its levels.

Inventory:

Missiles
 a - 8 tomahawks (quivered)
 e - 24 stones
Armour
 h - a +1 chain mail (worn)
Comestibles
 b - 2 bread rations
 g - 2 meat rations
Scrolls
 c - a scroll of identify
 d - a scroll of remove curse
 f - a scroll of random uselessness {unknown}
Jewellery
 j - a ring of positive energy (right claw)
 p - a ring of positive energy (left claw)
Potions
 i - a potion of agility {unknown}


   Skills:
 + Level 3.4 Fighting
 + Level 1.1 Throwing
 + Level 1.3 Armour
 - Level 2.6 Dodging
 - Level 1.7 Stealth
 * Level 4.5 Unarmed Combat


You had 3 spell levels left.
You didn't know any spells.

Dungeon Overview and Level Annotations

Branches:
Dungeon (3/15)

Altars:
Fedhas


Innate Abilities, Weirdness & Mutations

You have sharp fingernails.
When hurt, damage is shared between your health and your magic reserves.


Message History

The kobold shoots a curare-tipped needle.
The curare-tipped needle hits you.
You are more poisoned.
You have difficulty breathing.
You feel as though you will be slow longer.
An orc and an orc wizard come into view.
You see here 2 curare-tipped needles.
ATTACKING (1,-1)
An orc wizard comes into view. It is wielding a dagger.
You feel very sick.
The orc wizard shouts!
ATTACKING (0,-1)
You feel very sick.
The kobold unwields an uncursed blowgun.
The kobold wields an uncursed short sword.
The kobold hits you but does no damage.
ATTACKING (0,-1)
You miss the kobold. You claw the kobold.
You kill the kobold!
You die...

#.. ##.#..#
.....#
#....#
#....##
#..oo.##
#......
######..)o#
#.......6.#
##........#
#.#.#.(..#
#.#.(..#
#...(..#
#.#####..#
#####+
#.........#
#......
#######.##
#...... #$#
#......


You could see 2 orc wizards and an orc.

Table legend:
 A = Turns spent in this place as a percentage of turns spent in the entire game.
 B = Non-inter-level travel turns spent in this place as a percentage of non-inter-level travel turns spent in the entire game.
 C = Inter-level travel turns spent in this place as a percentage of turns spent in this place.
 D = Turns resting spent in this place as a percentage of non-inter-level travel turns spent in this place.
 E = Turns spent auto-exploring this place as a percentage of non-inter-level travel turns spent in this place.
 F = Non-inter-level travel turns spent in this place divided by the number of levels of this place that you've seen.
                   A       B       C       D       E      F
               +-------+-------+-------+-------+-------+----------------------
         Total | 100.0 | 100.0 |   1.3 |   7.6 |  17.2 | 127.7
       Dungeon | 100.0 | 100.0 |   1.3 |   7.6 |  17.2 | 127.7
               +-------+-------+-------+-------+-------+----------------------

Table legend:
 A = Kills in this place as a percentage of kills in entire the game.
 B = Kills by you in this place as a percentage of kills by you in the entire game.
 C = Kills by friends in this place as a percentage of kills by friends in the entire game.
 D = Other kills in this place as a percentage of other kills in the entire game.
 E = Experience gained in this place as a percentage of experience gained in the entire game.
 F = Experience gained in this place divided by the number of levels of this place that you have seen.
                   A       B       C       D       E      F
               +-------+-------+-------+-------+-------+----------------------
         Total | 100.0 | 100.0 |  -nan |  -nan | 100.0 |  43.3
       Dungeon | 100.0 | 100.0 |  -nan |  -nan | 100.0 |  43.3
               +-------+-------+-------+-------+-------+----------------------

Vanquished Creatures
  An orc priest (D:3)
  3 adders (D:3)
  A worm (D:3)
  2 orcs (D:3)
  A ball python (D:1)
  5 bats (D:1)
  2 giant cockroaches (D:1)
  4 hobgoblins (D:1)
  4 kobolds
  3 giant newts (D:1)
  A goblin (D:1)
  2 rats (D:1)
29 creatures vanquished.

Notes
Turn   | Place    | Note
--------------------------------------------------------------
     0 | D:1      | gw, the Demonspawn Monk, began the quest for the Orb.
     0 | D:1      | Reached XP level 1. HP: 18/18 MP: 1/1
   298 | D:1      | Gained mutation: You have sharp fingernails. [demonic ancestry]
   298 | D:1      | Reached XP level 2. HP: 17/24 MP: 2/2
   684 | D:1      | Reached skill level 4 in Unarmed Combat
  1026 | D:3      | Reached skill level 1 in Armour
  1026 | D:3      | Gained mutation: When hurt, damage is shared between your health and your magic reserves. [demonic ancestry]
  1026 | D:3      | Reached XP level 3. HP: 29/29 MP: 3/3
  1198 | D:3      | Found a blossoming altar of Fedhas.
  1306 | D:3      | Reached skill level 1 in Throwing
  1306 | D:3      | Reached XP level 4. HP: 24/35 MP: 4/4
  1539 | D:3      | Succumbed to kobold's curare-tipped needle

Action                   |  1- 3 |  4- 6 || total
-------------------------+-------+-------++-------
Melee: Unarmed           |   112 |    17 ||   129
Throw: Tomahawk          |     5 |       ||     5
  Use: Scroll            |     7 |       ||     7
       Potion            |     4 |       ||     4
  Eat: Bread ration      |       |     1 ||     1

Vault maps used:
D:1:      mrwooster_arrival_statue_2, corner_web_ring
D:2:      nemelex_deck, grunt_dithmenos_smoke_and_mirrors
D:3:      fedhas_altar_1, minmay_misc_feat_secret_circle
